Flyers vs Rangers

Created - 17 février 2022 at 16:09

Goals
1 2 3 T
Flyers 0 0 2 2
Rangers 1 0 3 4
Shots
1 2 3 T
Flyers 10 16 13 39
Rangers 15 9 13 37

GoalsPenalties
1st period
1. Rangers , Jeff Skinner 15 (Ryan Lindgren 31) at 1:33
Ivan Provorov (PHI) for Roughing (Minor) at 14:29
Ryan Lindgren (NYR) for Hooking (Minor) at 18:32
2nd period
No Goal
Tom Wilson (PHI) for Tripping (Minor) at 14:33
3rd period
2. Rangers , Trevor Zegras 14 (Ryan Lindgren 32, Joel Farabee 25) at 1:34
3. Flyers , David Pastrnak 21 (Oscar Klefbom 19) at 3:01
4. Rangers , Nils Hoglander 16 (Ryan Lindgren 33, Gabriel Vilardi 16) at 5:41 (PP)
5. Rangers , Joel Farabee 19 (Ryan Lindgren 34, Alexandre Carrier 9) at 15:48
6. Flyers , Phillip Danault 17 (Bryan Rust 24, David Pastrnak 25) at 18:35
Tom Wilson (PHI) for Holding (Minor) at 3:49
Tom Wilson (PHI) for High sticking (Minor) at 8:27
Goalie Stats
Sergei Bobrovsky (PHI), 33 saves from 37 shots - (0,892), L, 26-12-7, 60:00 minutes
Igor Shesterkin (NYR), 37 saves from 39 shots - (0,949), W, 13-18-3, 60:00 minutes
3 StarsOfficial
1 - Ryan Lindgren (NYR)
2 - Joel Farabee (NYR)
3 - Igor Shesterkin (NYR)
Referees : Frederick L'Ecuyer and Kyle Rehman
Linesman : Scott Cherrey and Bryan Pancich
Game Note
No Game Note



Team Name Goals Shots Shots Attemp Shots Blocked PIM HIT PP PK FO%
Flyers 2396098170 / 1 (0%)149%
Rangers 4377292191 / 4 (25%)051%

Flyers
Player Name POS G A P +/- PIM HIT SHT SB MP PP MP PP SHT PK MP PK SHT FO% FOT
Alex KillornLW/RW0000002016:080:0003:42050% 2
Barclay GoodrowC/LW/RW000-1001016:460:0003:54052% 33
Brad MarchandLW0000034016:170:5502:5600% 0
Brandon HagelLW/RW0000001012:380:0000:0000% 0
Brett PesceD000-1000223:090:0004:5400% 0
Bryan RustLW/RW0110001013:110:5500:0000% 0
Connor McDavidC0000013013:210:5510:00041% 22
David PastrnakRW1120002013:201:0410:0000% 1
Devon ToewsD0000011123:240:5502:5500% 0
Hampus LindholmD0000000012:230:0000:0000% 0
Ivan ProvorovD0000224123:391:0403:0200% 0
Kevin FialaLW/RW000-1003013:561:0400:0000% 0
Kurtis MacDermidD0000010213:000:0000:3700% 0
Logan O'ConnorRW0000031012:380:0000:0000% 0
Oscar KlefbomD011-1004223:200:5504:1000% 0
Phillip DanaultC1010014016:130:0003:57059% 22
Tom WilsonRW000-1645114:521:0410:590100% 1
Tyler SeguinC/LW/RW0000013013:521:0400:10044% 18
Rangers
Player Name POS G A P +/- PIM HIT SHT SB MP PP MP PP SHT PK MP PK SHT FO% FOT
Alexandre CarrierD0112010319:230:0000:5000% 0
Bowen ByramD000-1030219:450:0000:0000% 0
Dylan CoghlanD0000012013:030:0001:0900% 0
Gabriel VilardiC0110010015:273:2301:09053% 17
Jeff SkinnerLW1011005019:373:2111:0900% 1
Joel FarabeeLW/RW1121006020:384:2810:0000% 0
Joel KivirantaLW000-100008:000:0000:0000% 1
Juuso RiikolaD0000000013:030:0001:0900% 0
Kyle OkposoLW/RW0000011010:550:0000:000100% 1
Marcus JohanssonC/LW0001001119:334:2600:00050% 20
Nicolas DeslauriersLW/RW000-102008:000:0000:0000% 1
Nils HoglanderLW/RW1011005019:203:2320:50050% 2
Pat MaroonLW000-101108:500:0000:50027% 11
Pierre-Luc DuboisC0001025020:364:2600:00064% 36
Ryan LindgrenD0442223121:533:2120:0000% 0
Ryan ReavesRW0000031015:214:2600:00050% 2
Samuel GirardD000-1002225:034:2810:5000% 0
Trevor ZegrasC1011025019:333:2320:00029% 7

Flyers

5 vs 5 Forward
Line #Left WingCenterRight WingPHYDFOFWanted %Time %Time Play
1Brad MarchandConnor McDavidAlex Killorn0232525%12:26
2Bryan RustPhillip DanaultDavid Pastrnak1132524%12:16
3Brandon HagelTyler SeguinLogan O'Connor1222525%12:38
4Kevin FialaBarclay GoodrowTom Wilson1222526%12:52
5 vs 5 Defense
Line #DefenseDefensePHYDFOFWanted %Time %Time Play
1Ivan ProvorovDevon Toews1224039%19:34
2Oscar KlefbomBrett Pesce1224036%18:15
3Kurtis MacDermidHampus Lindholm1312025%12:23
4Ivan ProvorovDevon Toews12200%0:00
Power Play Forward
Line #Left WingCenterRight WingPHYDFOFWanted %Time %Time Play
1Brad MarchandConnor McDavidBryan Rust0055046%0:55
2Kevin FialaTyler SeguinTom Wilson0055054%1:04
Power Play Defense
Line #DefenseDefensePHYDFOFWanted %Time %Time Play
1Ivan ProvorovDavid Pastrnak0145554%1:04
2Oscar KlefbomDevon Toews0144546%0:55
Penalty Kill 4 Players Forward
Line #CenterWingPHYDFOFWanted %Time %Time Play
1Phillip DanaultTom Wilson0415054%4:13
2Barclay GoodrowAlex Killorn0415046%3:36
Penalty Kill 4 Players Defense
Line #DefenseDefensePHYDFOFWanted %Time %Time Play
1Brett PesceIvan Provorov0505563%4:54
2Oscar KlefbomDevon Toews0504537%2:55
Penalty Kill 3 Players
Line #WingPHYDFOFWanted %Time %Time PlayDefenseDefensePHYDFOFWanted %Time %Time Play
1Phillip Danault050500%0:00 Brett PesceIvan Provorov050500%0:00
2Barclay Goodrow050500%0:00 Oscar KlefbomDevon Toews050500%0:00
4 vs 4 Forward
Line #CenterWingPHYDFOFWanted %Time %Time Play
1Connor McDavidBrad Marchand023500%0:00
2Tyler SeguinDavid Pastrnak023500%0:00
4 vs 4 Defense
Line #DefensePHYDFOFWanted %Time %Time Play
1Ivan ProvorovDevon Toews023500%0:00
2Oscar KlefbomBrett Pesce023500%0:00
Last Minutes Offensive
Left WingCenterRight WingDefenseDefense
Brad MarchandConnor McDavidDavid PastrnakIvan ProvorovDevon Toews
Last Minutes Defensive
Left WingCenterRight WingDefenseDefense
Alex KillornPhillip DanaultTom WilsonIvan ProvorovBrett Pesce
Time
Total ForwardTotal DefenseLast Minutes OffensiveLast Minutes Defensive
60:00 60:00 0:000:00
Extra Forwards
Normal PowerPlayPenalty Kill
Kevin Fiala, Alex Killorn, Bryan RustAlex Killorn, Barclay GoodrowBrad Marchand
Extra Defensemen
Normal PowerPlayPenalty Kill
Ivan Provorov, Oscar Klefbom, Devon ToewsBrett Pesce, Oscar KlefbomIvan Provorov
Penalty Shots
Connor McDavid, Tyler Seguin, David Pastrnak, Brad Marchand, Bryan Rust
Goalie
Sergei Bobrovsky, Matt Murray
Custom OT Lines Forwards
Connor McDavid, Brad Marchand, Tyler Seguin, Bryan Rust, David Pastrnak, Phillip Danault, Kevin Fiala, Tom Wilson, Barclay Goodrow, Alex Killorn
Custom OT Lines Defensemen
Ivan Provorov, Devon Toews, Oscar Klefbom, Brett Pesce, Hampus Lindholm
Scratches
Radim Simek (Healthy), Anthony Stolarz (Healthy)

Rangers

5 vs 5 Forward
Line #Left WingCenterRight WingPHYDFOFWanted %Time %Time Play
1Trevor ZegrasPierre-Luc DuboisJoel Farabee0233332%16:10
2Jeff SkinnerMarcus JohanssonNils Hoglander0323030%15:07
3Kyle OkposoGabriel VilardiRyan Reaves1312222%10:55
4Joel KivirantaPat MaroonNicolas Deslauriers2211516%8:00
5 vs 5 Defense
Line #DefenseDefensePHYDFOFWanted %Time %Time Play
1Samuel GirardBowen Byram0324039%19:45
2Ryan LindgrenAlexandre Carrier0324037%18:33
3Dylan CoghlanJuuso Riikola1402024%11:54
4Samuel GirardRyan Lindgren12200%0:00
Power Play Forward
Line #Left WingCenterRight WingPHYDFOFWanted %Time %Time Play
1Nils HoglanderTrevor ZegrasGabriel Vilardi0145043%3:23
2Marcus JohanssonPierre-Luc DuboisRyan Reaves0145057%4:26
Power Play Defense
Line #DefenseDefensePHYDFOFWanted %Time %Time Play
1Samuel GirardJoel Farabee0145057%4:28
2Jeff SkinnerRyan Lindgren0235043%3:21
Penalty Kill 4 Players Forward
Line #CenterWingPHYDFOFWanted %Time %Time Play
1Gabriel VilardiJeff Skinner0415058%1:09
2Pat MaroonNils Hoglander0415042%0:50
Penalty Kill 4 Players Defense
Line #DefenseDefensePHYDFOFWanted %Time %Time Play
1Ryan LindgrenDylan Coghlan0325058%1:09
2Samuel GirardAlexandre Carrier0415042%0:50
Penalty Kill 3 Players
Line #WingPHYDFOFWanted %Time %Time PlayDefenseDefensePHYDFOFWanted %Time %Time Play
1Marcus Johansson140500%0:00 Dylan CoghlanRyan Lindgren140500%0:00
2Pat Maroon140500%0:00 Samuel GirardAlexandre Carrier140500%0:00
4 vs 4 Forward
Line #CenterWingPHYDFOFWanted %Time %Time Play
1Trevor ZegrasJoel Kiviranta023500%0:00
2Marcus JohanssonPierre-Luc Dubois023500%0:00
4 vs 4 Defense
Line #DefensePHYDFOFWanted %Time %Time Play
1Alexandre CarrierSamuel Girard023500%0:00
2Ryan LindgrenDylan Coghlan032500%0:00
Last Minutes Offensive
Left WingCenterRight WingDefenseDefense
Joel FarabeePierre-Luc DuboisJeff SkinnerTrevor ZegrasSamuel Girard
Last Minutes Defensive
Left WingCenterRight WingDefenseDefense
Gabriel VilardiMarcus JohanssonRyan ReavesRyan LindgrenAlexandre Carrier
Time
Total ForwardTotal DefenseLast Minutes OffensiveLast Minutes Defensive
60:00 60:00 0:000:00
Extra Forwards
Normal PowerPlayPenalty Kill
Trevor Zegras, Joel Farabee, Nils HoglanderPierre-Luc Dubois, Pat MaroonNicolas Deslauriers
Extra Defensemen
Normal PowerPlayPenalty Kill
Ryan Lindgren, Samuel Girard, Alexandre CarrierAlexandre Carrier, Dylan CoghlanJuuso Riikola
Penalty Shots
Pierre-Luc Dubois, Joel Farabee, Trevor Zegras, Nils Hoglander, Ryan Lindgren
Goalie
Igor Shesterkin, Keith Kinkaid
Custom OT Lines Forwards
Gabriel Vilardi, Trevor Zegras, Ryan Reaves, Pierre-Luc Dubois, Nils Hoglander, Marcus Johansson, Pat Maroon, Joel Kiviranta, Joel Farabee, Jeff Skinner
Custom OT Lines Defensemen
Alexandre Carrier, Ryan Lindgren, Dylan Coghlan, Samuel Girard, Juuso Riikola
Scratches
Alex Chiasson (Healthy), Wayne Simmonds (Healthy), Darren Raddysh (Healthy)


Play-by-Play

1st period


0:01 of 1st period - Pierre-Luc Dubois wins face-off versus Connor McDavid in neutral zone.
0:04 of 1st period - Brad Marchand is hit by Pierre-Luc Dubois and loses puck.
1:33 of 1st period - Shot by Jeff Skinner.
1:33 of 1st period - Goal by Jeff Skinner - Flyers : 0 - Rangers : 1.
1:34 of 1st period - Tyler Seguin wins face-off versus Gabriel Vilardi in neutral zone.
1:34 of 1st period - Tyler Seguin is hit by Ryan Reaves.
1:38 of 1st period - Gabriel Vilardi is hit by Logan O'Connor and loses puck.
1:51 of 1st period - Icing by Brandon Hagel.
1:52 of 1st period - Tyler Seguin wins face-off versus Pat Maroon in Flyers zone.
3:57 of 1st period - Icing by Bowen Byram.
3:58 of 1st period - Phillip Danault wins face-off versus Gabriel Vilardi in Rangers zone.
4:09 of 1st period - Shot by David Pastrnak.
4:09 of 1st period - Shot Misses the Net.
4:39 of 1st period - Shot by Ivan Provorov.
4:39 of 1st period - Stopped by Igor Shesterkin without a rebound.
4:40 of 1st period - Connor McDavid wins face-off versus Pierre-Luc Dubois in Rangers zone.
4:44 of 1st period - Icing by Alexandre Carrier.
4:45 of 1st period - Connor McDavid wins face-off versus Pierre-Luc Dubois in Rangers zone.
4:46 of 1st period - Shot by Brad Marchand.
4:46 of 1st period - Stopped by Igor Shesterkin without a rebound.
4:47 of 1st period - Marcus Johansson wins face-off versus Connor McDavid in Rangers zone.
4:47 of 1st period - Marcus Johansson is hit by Connor McDavid.
4:55 of 1st period - Shot by Jeff Skinner.
4:55 of 1st period - Shot Blocked by Oscar Klefbom.
4:57 of 1st period - Shot by Ryan Lindgren.
4:57 of 1st period - Shot Misses the Net.
4:59 of 1st period - Shot by Marcus Johansson.
4:59 of 1st period - Deflect By Nils Hoglander.
4:59 of 1st period - Stopped by Sergei Bobrovsky with a rebound.
5:01 of 1st period - Shot by Ryan Lindgren.
5:01 of 1st period - Stopped by Sergei Bobrovsky without a rebound.
5:02 of 1st period - Pierre-Luc Dubois wins face-off versus Barclay Goodrow in Flyers zone.
5:08 of 1st period - Off-side.
5:09 of 1st period - Barclay Goodrow wins face-off versus Pierre-Luc Dubois in neutral zone.
5:15 of 1st period - Icing by Ryan Lindgren.
5:16 of 1st period - Pierre-Luc Dubois wins face-off versus Barclay Goodrow in Rangers zone.
5:43 of 1st period - Shot by Kevin Fiala.
5:43 of 1st period - Deflect By Tom Wilson.
5:43 of 1st period - Stopped by Igor Shesterkin without a rebound.
5:44 of 1st period - Marcus Johansson wins face-off versus Alex Killorn in Rangers zone.
5:57 of 1st period - Shot by Nils Hoglander.
5:57 of 1st period - Stopped by Sergei Bobrovsky with a rebound.
6:29 of 1st period - Shot by Alex Killorn.
6:29 of 1st period - Shot Blocked by Bowen Byram.
6:38 of 1st period - Icing by Nils Hoglander.
6:39 of 1st period - Marcus Johansson wins face-off versus Phillip Danault in Rangers zone.
7:04 of 1st period - Shot by Trevor Zegras.
7:04 of 1st period - Shot Misses the Net.
7:53 of 1st period - David Pastrnak is hit by Kyle Okposo and loses puck.
8:39 of 1st period - Nicolas Deslauriers is hit by Tyler Seguin and loses puck.
9:15 of 1st period - Shot by Joel Kiviranta.
9:15 of 1st period - Deflect By Pat Maroon.
9:15 of 1st period - Stopped by Sergei Bobrovsky with a rebound.
9:29 of 1st period - Shot by Marcus Johansson.
9:29 of 1st period - Shot Misses the Net.
9:39 of 1st period - Shot by Jeff Skinner.
9:39 of 1st period - Stopped by Sergei Bobrovsky with a rebound.
10:22 of 1st period - Shot by Kevin Fiala.
10:22 of 1st period - Stopped by Igor Shesterkin without a rebound.
10:23 of 1st period - Pierre-Luc Dubois wins face-off versus Connor McDavid in Rangers zone.
10:34 of 1st period - Shot by Pierre-Luc Dubois.
10:34 of 1st period - Stopped by Sergei Bobrovsky without a rebound.
10:35 of 1st period - Gabriel Vilardi wins face-off versus Connor McDavid in Flyers zone.
11:12 of 1st period - Shot by Ivan Provorov.
11:12 of 1st period - Stopped by Igor Shesterkin without a rebound.
11:13 of 1st period - Barclay Goodrow wins face-off versus Pierre-Luc Dubois in Rangers zone.
11:26 of 1st period - Shot by Joel Farabee.
11:26 of 1st period - Stopped by Sergei Bobrovsky with a rebound.
11:28 of 1st period - Shot by Joel Farabee.
11:28 of 1st period - Deflect By Pierre-Luc Dubois.
11:28 of 1st period - Stopped by Sergei Bobrovsky without a rebound.
11:29 of 1st period - Phillip Danault wins face-off versus Nicolas Deslauriers in Flyers zone.
11:55 of 1st period - Off-side.
11:56 of 1st period - Pierre-Luc Dubois wins face-off versus Barclay Goodrow in neutral zone.
11:56 of 1st period - Joel Farabee is hit by Tom Wilson and loses puck.
12:19 of 1st period - Shot by Trevor Zegras.
12:19 of 1st period - Shot Blocked by Kurtis MacDermid.
12:21 of 1st period - Shot by Joel Farabee.
12:21 of 1st period - Stopped by Sergei Bobrovsky without a rebound.
12:22 of 1st period - Connor McDavid wins face-off versus Jeff Skinner in Flyers zone.
12:45 of 1st period - Shot by Connor McDavid.
12:45 of 1st period - Shot Blocked by Ryan Lindgren.
12:47 of 1st period - Shot by Brad Marchand.
12:47 of 1st period - Stopped by Igor Shesterkin without a rebound.
12:48 of 1st period - Tom Wilson wins face-off versus Pierre-Luc Dubois in Rangers zone.
12:58 of 1st period - Icing by Joel Farabee.
12:59 of 1st period - Pierre-Luc Dubois wins face-off versus Tyler Seguin in Rangers zone.
12:59 of 1st period - Pierre-Luc Dubois is hit by Logan O'Connor.
13:17 of 1st period - Shot by Pierre-Luc Dubois.
13:17 of 1st period - Shot Blocked by Kurtis MacDermid.
13:41 of 1st period - Shot by Pierre-Luc Dubois.
13:41 of 1st period - Stopped by Sergei Bobrovsky without a rebound.
13:42 of 1st period - Marcus Johansson wins face-off versus Barclay Goodrow in Flyers zone.
14:01 of 1st period - Shot by Marcus Johansson.
14:01 of 1st period - Shot Misses the Net.
14:20 of 1st period - Shot by Kevin Fiala.
14:20 of 1st period - Deflect By Tom Wilson.
14:20 of 1st period - Stopped by Igor Shesterkin without a rebound.
14:21 of 1st period - Gabriel Vilardi wins face-off versus Connor McDavid in Rangers zone.
14:21 of 1st period - Gabriel Vilardi is hit by Brad Marchand.
14:28 of 1st period - Gabriel Vilardi is hit by Devon Toews and loses puck.
14:29 of 1st period - Minor Penalty to Ivan Provorov for Roughing.
14:30 of 1st period - Phillip Danault wins face-off versus Pierre-Luc Dubois in Flyers zone.
14:36 of 1st period - Icing by Joel Farabee.
14:37 of 1st period - Ryan Reaves wins face-off versus Barclay Goodrow in Rangers zone.
14:51 of 1st period - Icing by Marcus Johansson.
14:52 of 1st period - Pierre-Luc Dubois wins face-off versus Phillip Danault in Rangers zone.
14:57 of 1st period - Shot by Samuel Girard.
14:57 of 1st period - Shot Blocked by Brett Pesce.
14:59 of 1st period - Shot by Ryan Reaves.
14:59 of 1st period - Shot Misses the Net.
15:04 of 1st period - Shot by Pierre-Luc Dubois.
15:04 of 1st period - Shot Misses the Net.
15:06 of 1st period - Shot by Samuel Girard.
15:06 of 1st period - Stopped by Sergei Bobrovsky without a rebound.
15:07 of 1st period - Alex Killorn wins face-off versus Trevor Zegras in Flyers zone.
15:12 of 1st period - Shot by Trevor Zegras.
15:12 of 1st period - Shot Misses the Net.
15:31 of 1st period - Jeff Skinner is hit by Kurtis MacDermid and loses puck.
15:40 of 1st period - Shot by Nils Hoglander.
15:40 of 1st period - Stopped by Sergei Bobrovsky without a rebound.
15:41 of 1st period - Pierre-Luc Dubois wins face-off versus Barclay Goodrow in Flyers zone.
15:42 of 1st period - Shot by Joel Farabee.
15:42 of 1st period - Stopped by Sergei Bobrovsky without a rebound.
15:43 of 1st period - Barclay Goodrow wins face-off versus Pierre-Luc Dubois in Flyers zone.
15:43 of 1st period - Barclay Goodrow is hit by Ryan Reaves.
16:32 of 1st period - Icing by Nicolas Deslauriers.
16:33 of 1st period - Tyler Seguin wins face-off versus Pat Maroon in Rangers zone.
16:57 of 1st period - Devon Toews is hit by Alexandre Carrier and loses puck.
17:04 of 1st period - Shot by Tyler Seguin.
17:04 of 1st period - Stopped by Igor Shesterkin without a rebound.
17:05 of 1st period - Connor McDavid wins face-off versus Marcus Johansson in Rangers zone.
18:10 of 1st period - Shot by Joel Farabee.
18:10 of 1st period - Shot Misses the Net.
18:12 of 1st period - Shot by Trevor Zegras.
18:12 of 1st period - Stopped by Sergei Bobrovsky without a rebound.
18:13 of 1st period - Gabriel Vilardi wins face-off versus Barclay Goodrow in Flyers zone.
18:32 of 1st period - Minor Penalty to Ryan Lindgren for Hooking.
18:33 of 1st period - Pat Maroon wins face-off versus Tyler Seguin in Rangers zone.
19:04 of 1st period - Shot by Kevin Fiala.
19:04 of 1st period - Shot Blocked by Alexandre Carrier.
19:06 of 1st period - Shot by Tyler Seguin.
19:06 of 1st period - Shot Blocked by Samuel Girard.
19:08 of 1st period - Shot by Tom Wilson.
19:08 of 1st period - Deflect By Tyler Seguin.
19:08 of 1st period - Shot Misses the Net.
19:10 of 1st period - Shot by Tom Wilson.
19:10 of 1st period - Stopped by Igor Shesterkin without a rebound.
19:11 of 1st period - Connor McDavid wins face-off versus Pat Maroon in Rangers zone.
19:36 of 1st period - Shot by Connor McDavid.
19:36 of 1st period - Stopped by Igor Shesterkin with a rebound.
Goals for this period are 0 for Flyers vs 1 for Rangers.
Shots for this period are 10 for Flyers vs 15 for Rangers.

2nd period


0:01 of 2nd period - Pat Maroon wins face-off versus Tyler Seguin in neutral zone.
0:25 of 2nd period - Shot by David Pastrnak.
0:25 of 2nd period - Stopped by Igor Shesterkin without a rebound.
0:26 of 2nd period - Connor McDavid wins face-off versus Gabriel Vilardi in Rangers zone.
0:33 of 2nd period - Shot by Brad Marchand.
0:33 of 2nd period - Stopped by Igor Shesterkin with a rebound.
0:59 of 2nd period - Shot by Alex Killorn.
0:59 of 2nd period - Stopped by Igor Shesterkin with a rebound.
1:01 of 2nd period - Shot by Alex Killorn.
1:01 of 2nd period - Stopped by Igor Shesterkin without a rebound.
1:02 of 2nd period - Phillip Danault wins face-off versus Gabriel Vilardi in Rangers zone.
1:19 of 2nd period - Shot by Bryan Rust.
1:19 of 2nd period - Shot Blocked by Alexandre Carrier.
1:21 of 2nd period - Shot by Devon Toews.
1:21 of 2nd period - Stopped by Igor Shesterkin without a rebound.
1:22 of 2nd period - Barclay Goodrow wins face-off versus Marcus Johansson in Rangers zone.
1:47 of 2nd period - Shot by Nils Hoglander.
1:47 of 2nd period - Shot Misses the Net.
1:53 of 2nd period - Shot by Marcus Johansson.
1:53 of 2nd period - Shot Blocked by Tom Wilson.
1:55 of 2nd period - Shot by Nils Hoglander.
1:55 of 2nd period - Shot Misses the Net.
1:59 of 2nd period - Shot by Jeff Skinner.
1:59 of 2nd period - Stopped by Sergei Bobrovsky with a rebound.
2:01 of 2nd period - Shot by Marcus Johansson.
2:01 of 2nd period - Shot Misses the Net.
2:03 of 2nd period - Shot by Dylan Coghlan.
2:03 of 2nd period - Stopped by Sergei Bobrovsky without a rebound.
2:04 of 2nd period - Pierre-Luc Dubois wins face-off versus Phillip Danault in Flyers zone.
2:21 of 2nd period - Shot by Bryan Rust.
2:21 of 2nd period - Stopped by Igor Shesterkin without a rebound.
2:22 of 2nd period - Gabriel Vilardi wins face-off versus Tyler Seguin in Rangers zone.
2:43 of 2nd period - Ryan Reaves is hit by Logan O'Connor and loses puck.
3:42 of 2nd period - Shot by Trevor Zegras.
3:42 of 2nd period - Shot Misses the Net.
4:06 of 2nd period - Shot by Pierre-Luc Dubois.
4:06 of 2nd period - Deflect By Trevor Zegras.
4:06 of 2nd period - Shot Misses the Net.
4:33 of 2nd period - Icing by Dylan Coghlan.
4:34 of 2nd period - Nils Hoglander wins face-off versus Connor McDavid in Rangers zone.
4:34 of 2nd period - Nils Hoglander is hit by Brad Marchand.
5:51 of 2nd period - Icing by Bowen Byram.
5:52 of 2nd period - Pat Maroon wins face-off versus Tyler Seguin in Rangers zone.
6:07 of 2nd period - Shot by Tyler Seguin.
6:07 of 2nd period - Stopped by Igor Shesterkin without a rebound.
6:08 of 2nd period - Phillip Danault wins face-off versus Pierre-Luc Dubois in Rangers zone.
6:17 of 2nd period - Shot by Trevor Zegras.
6:17 of 2nd period - Stopped by Sergei Bobrovsky without a rebound.
6:18 of 2nd period - Barclay Goodrow wins face-off versus Gabriel Vilardi in Flyers zone.
6:44 of 2nd period - Icing by Gabriel Vilardi.
6:45 of 2nd period - Tyler Seguin wins face-off versus Gabriel Vilardi in Rangers zone.
7:04 of 2nd period - Shot by Tyler Seguin.
7:04 of 2nd period - Shot Misses the Net.
7:06 of 2nd period - Shot by Logan O'Connor.
7:06 of 2nd period - Shot Misses the Net.
7:08 of 2nd period - Shot by Ivan Provorov.
7:08 of 2nd period - Stopped by Igor Shesterkin without a rebound.
7:09 of 2nd period - Pierre-Luc Dubois wins face-off versus Connor McDavid in Rangers zone.
7:09 of 2nd period - Pierre-Luc Dubois is hit by Brad Marchand.
7:24 of 2nd period - Shot by Connor McDavid.
7:24 of 2nd period - Stopped by Igor Shesterkin without a rebound.
7:25 of 2nd period - Marcus Johansson wins face-off versus Phillip Danault in Rangers zone.
8:16 of 2nd period - Icing by Dylan Coghlan.
8:17 of 2nd period - Marcus Johansson wins face-off versus Barclay Goodrow in Rangers zone.
8:32 of 2nd period - Shot by Pierre-Luc Dubois.
8:32 of 2nd period - Shot Misses the Net.
8:38 of 2nd period - Shot by Joel Farabee.
8:38 of 2nd period - Stopped by Sergei Bobrovsky without a rebound.
8:39 of 2nd period - Tyler Seguin wins face-off versus Joel Kiviranta in Flyers zone.
8:39 of 2nd period - Kurtis MacDermid is hit by Nicolas Deslauriers and loses puck.
8:46 of 2nd period - Shot by Brandon Hagel.
8:46 of 2nd period - Stopped by Igor Shesterkin with a rebound.
8:51 of 2nd period - Logan O'Connor is hit by Bowen Byram and loses puck.
8:55 of 2nd period - Brandon Hagel is hit by Bowen Byram and loses puck.
9:22 of 2nd period - Logan O'Connor is hit by Bowen Byram and loses puck.
9:34 of 2nd period - Off-side.
9:35 of 2nd period - Pierre-Luc Dubois wins face-off versus Connor McDavid in neutral zone.
9:41 of 2nd period - Icing by Oscar Klefbom.
9:42 of 2nd period - Pierre-Luc Dubois wins face-off versus Connor McDavid in Flyers zone.
9:48 of 2nd period - Alex Killorn is hit by Ryan Lindgren and loses puck.
10:13 of 2nd period - Shot by Joel Farabee.
10:13 of 2nd period - Shot Misses the Net.
10:15 of 2nd period - Shot by Alexandre Carrier.
10:15 of 2nd period - Shot Misses the Net.
10:36 of 2nd period - Pierre-Luc Dubois is hit by Tom Wilson and loses puck.
11:02 of 2nd period - Icing by Ryan Lindgren.
11:03 of 2nd period - Phillip Danault wins face-off versus Pierre-Luc Dubois in Rangers zone.
11:10 of 2nd period - Shot by David Pastrnak.
11:10 of 2nd period - Shot Blocked by Alexandre Carrier.
11:37 of 2nd period - Shot by Ryan Reaves.
11:37 of 2nd period - Stopped by Sergei Bobrovsky without a rebound.
11:38 of 2nd period - Marcus Johansson wins face-off versus Tyler Seguin in Flyers zone.
11:49 of 2nd period - Shot by Jeff Skinner.
11:49 of 2nd period - Shot Misses the Net.
11:51 of 2nd period - Shot by Nils Hoglander.
11:51 of 2nd period - Shot Misses the Net.
11:53 of 2nd period - Shot by Jeff Skinner.
11:53 of 2nd period - Shot Misses the Net.
11:55 of 2nd period - Shot by Juuso Riikola.
11:55 of 2nd period - Shot Blocked by Ivan Provorov.
11:57 of 2nd period - Shot by Jeff Skinner.
11:57 of 2nd period - Shot Misses the Net.
11:59 of 2nd period - Shot by Juuso Riikola.
11:59 of 2nd period - Shot Blocked by Devon Toews.
12:57 of 2nd period - Shot by Oscar Klefbom.
12:57 of 2nd period - Stopped by Igor Shesterkin without a rebound.
12:58 of 2nd period - Connor McDavid wins face-off versus Pat Maroon in Rangers zone.
12:59 of 2nd period - Shot by Oscar Klefbom.
12:59 of 2nd period - Shot Blocked by Samuel Girard.
13:30 of 2nd period - Icing by Bowen Byram.
13:31 of 2nd period - Barclay Goodrow wins face-off versus Pat Maroon in Rangers zone.
13:38 of 2nd period - Shot by Kevin Fiala.
13:38 of 2nd period - Stopped by Igor Shesterkin with a rebound.
13:58 of 2nd period - Icing by Barclay Goodrow.
13:59 of 2nd period - Pierre-Luc Dubois wins face-off versus Barclay Goodrow in Flyers zone.
14:00 of 2nd period - Shot by Trevor Zegras.
14:00 of 2nd period - Deflect By Joel Farabee.
14:00 of 2nd period - Stopped by Sergei Bobrovsky without a rebound.
14:01 of 2nd period - Pierre-Luc Dubois wins face-off versus Phillip Danault in Flyers zone.
14:12 of 2nd period - Shot by Trevor Zegras.
14:12 of 2nd period - Deflect By Pierre-Luc Dubois.
14:12 of 2nd period - Stopped by Sergei Bobrovsky without a rebound.
14:13 of 2nd period - Barclay Goodrow wins face-off versus Marcus Johansson in Flyers zone.
14:33 of 2nd period - Minor Penalty to Tom Wilson for Tripping.
14:34 of 2nd period - Phillip Danault wins face-off versus Trevor Zegras in Flyers zone.
14:55 of 2nd period - Icing by Joel Farabee.
14:56 of 2nd period - Trevor Zegras wins face-off versus Phillip Danault in Rangers zone.
15:03 of 2nd period - Brett Pesce is hit by Gabriel Vilardi and loses puck.
15:34 of 2nd period - Marcus Johansson is hit by Phillip Danault and loses puck.
15:46 of 2nd period - Icing by Marcus Johansson.
15:47 of 2nd period - Barclay Goodrow wins face-off versus Ryan Reaves in Rangers zone.
15:48 of 2nd period - Shot by Alex Killorn.
15:48 of 2nd period - Shot Misses the Net.
15:54 of 2nd period - Shot by Jeff Skinner.
15:54 of 2nd period - Shot Misses the Net.
15:56 of 2nd period - Shot by Jeff Skinner.
15:56 of 2nd period - Stopped by Sergei Bobrovsky without a rebound.
15:57 of 2nd period - Pierre-Luc Dubois wins face-off versus Barclay Goodrow in Flyers zone.
16:00 of 2nd period - Shot by Ryan Lindgren.
16:00 of 2nd period - Stopped by Sergei Bobrovsky without a rebound.
16:01 of 2nd period - Barclay Goodrow wins face-off versus Pierre-Luc Dubois in Flyers zone.
16:26 of 2nd period - Shot by Ryan Lindgren.
16:26 of 2nd period - Shot Misses the Net.
17:14 of 2nd period - Icing by Tyler Seguin.
17:15 of 2nd period - Pierre-Luc Dubois wins face-off versus Tyler Seguin in Flyers zone.
18:06 of 2nd period - Shot by Oscar Klefbom.
18:06 of 2nd period - Stopped by Igor Shesterkin with a rebound.
18:08 of 2nd period - Shot by Oscar Klefbom.
18:08 of 2nd period - Stopped by Igor Shesterkin without a rebound.
18:09 of 2nd period - Gabriel Vilardi wins face-off versus Connor McDavid in Rangers zone.
18:43 of 2nd period - Icing by Alexandre Carrier.
18:44 of 2nd period - Gabriel Vilardi wins face-off versus Barclay Goodrow in Rangers zone.
19:05 of 2nd period - Shot by Tom Wilson.
19:05 of 2nd period - Shot Hit the Post.
19:07 of 2nd period - Shot by Oscar Klefbom.
19:07 of 2nd period - Stopped by Igor Shesterkin with a rebound.
19:24 of 2nd period - Samuel Girard is hit by Tom Wilson and loses puck.
19:43 of 2nd period - Shot by Bryan Rust.
19:43 of 2nd period - Shot Blocked by Bowen Byram.
19:45 of 2nd period - Shot by Devon Toews.
19:45 of 2nd period - Shot Hit the Post.
19:47 of 2nd period - Shot by Phillip Danault.
19:47 of 2nd period - Stopped by Igor Shesterkin with a rebound.
Goals for this period are 0 for Flyers vs 0 for Rangers.
Shots for this period are 16 for Flyers vs 9 for Rangers.

3rd period


0:01 of 3rd period - Pierre-Luc Dubois wins face-off versus Connor McDavid in neutral zone.
0:31 of 3rd period - Shot by Brad Marchand.
0:31 of 3rd period - Stopped by Igor Shesterkin without a rebound.
0:32 of 3rd period - Phillip Danault wins face-off versus Marcus Johansson in Rangers zone.
1:00 of 3rd period - Shot by Nils Hoglander.
1:00 of 3rd period - Shot Misses the Net.
1:02 of 3rd period - Shot by Samuel Girard.
1:02 of 3rd period - Stopped by Sergei Bobrovsky without a rebound.
1:03 of 3rd period - Barclay Goodrow wins face-off versus Pierre-Luc Dubois in Flyers zone.
1:07 of 3rd period - Kevin Fiala is hit by Trevor Zegras and loses puck.
1:30 of 3rd period - Shot by Joel Farabee.
1:30 of 3rd period - Shot Blocked by Oscar Klefbom.
1:34 of 3rd period - Shot by Trevor Zegras.
1:34 of 3rd period - Goal by Trevor Zegras - Flyers : 0 - Rangers : 2.
1:35 of 3rd period - Connor McDavid wins face-off versus Marcus Johansson in neutral zone.
3:01 of 3rd period - Shot by David Pastrnak.
3:01 of 3rd period - Goal by David Pastrnak - Flyers : 1 - Rangers : 2.
3:02 of 3rd period - Gabriel Vilardi wins face-off versus Tyler Seguin in neutral zone.
3:10 of 3rd period - Kurtis MacDermid is hit by Dylan Coghlan.
3:22 of 3rd period - Shot by Kyle Okposo.
3:22 of 3rd period - Stopped by Sergei Bobrovsky without a rebound.
3:23 of 3rd period - Phillip Danault wins face-off versus Pat Maroon in Flyers zone.
3:36 of 3rd period - Shot by David Pastrnak.
3:36 of 3rd period - Shot Misses the Net.
3:38 of 3rd period - Shot by Phillip Danault.
3:38 of 3rd period - Stopped by Igor Shesterkin without a rebound.
3:39 of 3rd period - Barclay Goodrow wins face-off versus Nils Hoglander in Rangers zone.
3:46 of 3rd period - Shot by Tom Wilson.
3:46 of 3rd period - Stopped by Igor Shesterkin without a rebound.
3:47 of 3rd period - Marcus Johansson wins face-off versus Barclay Goodrow in Rangers zone.
3:49 of 3rd period - Minor Penalty to Tom Wilson for Holding.
3:50 of 3rd period - Trevor Zegras wins face-off versus Barclay Goodrow in Flyers zone.
4:02 of 3rd period - Shot by Trevor Zegras.
4:02 of 3rd period - Stopped by Sergei Bobrovsky with a rebound.
4:04 of 3rd period - Shot by Trevor Zegras.
4:04 of 3rd period - Stopped by Sergei Bobrovsky without a rebound.
4:05 of 3rd period - Phillip Danault wins face-off versus Pierre-Luc Dubois in Flyers zone.
4:11 of 3rd period - Icing by Marcus Johansson.
4:12 of 3rd period - Pierre-Luc Dubois wins face-off versus Barclay Goodrow in Rangers zone.
5:23 of 3rd period - Shot by Ryan Lindgren.
5:23 of 3rd period - Stopped by Sergei Bobrovsky without a rebound.
5:24 of 3rd period - Phillip Danault wins face-off versus Trevor Zegras in Flyers zone.
5:41 of 3rd period - Shot by Nils Hoglander.
5:41 of 3rd period - Goal by Nils Hoglander - Flyers : 1 - Rangers : 3.
5:42 of 3rd period - Barclay Goodrow wins face-off versus Pat Maroon in neutral zone.
5:42 of 3rd period - Hampus Lindholm is hit by Pat Maroon and loses puck.
6:02 of 3rd period - Shot by Tom Wilson.
6:02 of 3rd period - Stopped by Igor Shesterkin without a rebound.
6:03 of 3rd period - Tyler Seguin wins face-off versus Marcus Johansson in Rangers zone.
6:18 of 3rd period - Shot by Tyler Seguin.
6:18 of 3rd period - Stopped by Igor Shesterkin without a rebound.
6:19 of 3rd period - Pierre-Luc Dubois wins face-off versus Phillip Danault in Rangers zone.
6:33 of 3rd period - Shot by Ivan Provorov.
6:33 of 3rd period - Stopped by Igor Shesterkin without a rebound.
6:34 of 3rd period - Tyler Seguin wins face-off versus Marcus Johansson in Rangers zone.
6:53 of 3rd period - Shot by Marcus Johansson.
6:53 of 3rd period - Stopped by Sergei Bobrovsky without a rebound.
6:54 of 3rd period - Pierre-Luc Dubois wins face-off versus Phillip Danault in Flyers zone.
6:57 of 3rd period - Shot by Pierre-Luc Dubois.
6:57 of 3rd period - Shot Misses the Net.
7:23 of 3rd period - Icing by Phillip Danault.
7:24 of 3rd period - Gabriel Vilardi wins face-off versus Phillip Danault in Flyers zone.
8:04 of 3rd period - Icing by Devon Toews.
8:05 of 3rd period - Pierre-Luc Dubois wins face-off versus David Pastrnak in Flyers zone.
8:15 of 3rd period - Off-side.
8:16 of 3rd period - Barclay Goodrow wins face-off versus Marcus Johansson in neutral zone.
8:27 of 3rd period - Minor Penalty to Tom Wilson for High sticking.
8:28 of 3rd period - Barclay Goodrow wins face-off versus Trevor Zegras in Flyers zone.
9:15 of 3rd period - Icing by Samuel Girard.
9:16 of 3rd period - Phillip Danault wins face-off versus Trevor Zegras in Rangers zone.
9:27 of 3rd period - Brad Marchand is hit by Trevor Zegras and loses puck.
10:48 of 3rd period - Shot by Tyler Seguin.
10:48 of 3rd period - Deflect By Logan O'Connor.
10:48 of 3rd period - Shot Misses the Net.
10:50 of 3rd period - Shot by Brandon Hagel.
10:50 of 3rd period - Shot Misses the Net.
11:20 of 3rd period - Shot by Connor McDavid.
11:20 of 3rd period - Stopped by Igor Shesterkin without a rebound.
11:21 of 3rd period - Pierre-Luc Dubois wins face-off versus Barclay Goodrow in Rangers zone.
11:54 of 3rd period - Shot by Pierre-Luc Dubois.
11:54 of 3rd period - Stopped by Sergei Bobrovsky without a rebound.
11:55 of 3rd period - Marcus Johansson wins face-off versus Connor McDavid in Flyers zone.
12:25 of 3rd period - Shot by Nils Hoglander.
12:25 of 3rd period - Stopped by Sergei Bobrovsky without a rebound.
12:26 of 3rd period - Tyler Seguin wins face-off versus Gabriel Vilardi in Flyers zone.
12:33 of 3rd period - Shot by Logan O'Connor.
12:33 of 3rd period - Stopped by Igor Shesterkin with a rebound.
12:36 of 3rd period - Icing by Bowen Byram.
12:37 of 3rd period - Kyle Okposo wins face-off versus Barclay Goodrow in Rangers zone.
12:47 of 3rd period - Gabriel Vilardi is hit by Tom Wilson and loses puck.
12:56 of 3rd period - Icing by Devon Toews.
12:57 of 3rd period - Barclay Goodrow wins face-off versus Pierre-Luc Dubois in Flyers zone.
12:57 of 3rd period - Tom Wilson is hit by Pierre-Luc Dubois and loses puck.
14:17 of 3rd period - Shot by Brad Marchand.
14:17 of 3rd period - Shot Blocked by Marcus Johansson.
14:19 of 3rd period - Shot by Oscar Klefbom.
14:19 of 3rd period - Shot Misses the Net.
14:38 of 3rd period - Icing by Brett Pesce.
14:39 of 3rd period - Connor McDavid wins face-off versus Gabriel Vilardi in Flyers zone.
14:39 of 3rd period - Brad Marchand is hit by Ryan Reaves and loses puck.
15:48 of 3rd period - Shot by Joel Farabee.
15:48 of 3rd period - Goal by Joel Farabee - Flyers : 1 - Rangers : 4.
15:49 of 3rd period - Marcus Johansson wins face-off versus Tyler Seguin in neutral zone.
15:51 of 3rd period - Samuel Girard is hit by Ivan Provorov and loses puck.
16:57 of 3rd period - Alexandre Carrier is hit by Ivan Provorov and loses puck.
17:42 of 3rd period - Shot by Connor McDavid.
17:42 of 3rd period - Shot Misses the Net.
18:01 of 3rd period - Shot by Kyle Okposo.
18:01 of 3rd period - Shot Misses the Net.
18:03 of 3rd period - Shot by Dylan Coghlan.
18:03 of 3rd period - Stopped by Sergei Bobrovsky without a rebound.
18:04 of 3rd period - Phillip Danault wins face-off versus Pat Maroon in Flyers zone.
18:04 of 3rd period - Phillip Danault is hit by Nicolas Deslauriers.
18:29 of 3rd period - Shot by Phillip Danault.
18:29 of 3rd period - Stopped by Igor Shesterkin with a rebound.
18:35 of 3rd period - Shot by Phillip Danault.
18:35 of 3rd period - Goal by Phillip Danault - Flyers : 2 - Rangers : 4.
18:36 of 3rd period - Barclay Goodrow wins face-off versus Marcus Johansson in neutral zone.
18:38 of 3rd period - Brett Pesce is hit by Ryan Lindgren and loses puck.
18:49 of 3rd period - Shot by Jeff Skinner.
18:49 of 3rd period - Shot Blocked by Brett Pesce.
18:51 of 3rd period - Shot by Alexandre Carrier.
18:51 of 3rd period - Shot Misses the Net.
18:53 of 3rd period - Shot by Jeff Skinner.
18:53 of 3rd period - Stopped by Sergei Bobrovsky without a rebound.
18:54 of 3rd period - Pierre-Luc Dubois wins face-off versus Connor McDavid in Flyers zone.
19:00 of 3rd period - Off-side.
19:01 of 3rd period - Barclay Goodrow wins face-off versus Marcus Johansson in neutral zone.
19:22 of 3rd period - Shot by Barclay Goodrow.
19:22 of 3rd period - Stopped by Igor Shesterkin with a rebound.
19:40 of 3rd period - Shot by Kevin Fiala.
19:40 of 3rd period - Stopped by Igor Shesterkin without a rebound.
19:41 of 3rd period - Gabriel Vilardi wins face-off versus Tyler Seguin in Rangers zone.
Goals for this period are 2 for Flyers vs 3 for Rangers.
Shots for this period are 13 for Flyers vs 13 for Rangers.




Output by the SimonT Hockey Simulator (STHS) for Eric Henault - Original Page W3C HTML5 Valid
Hockey Simulator - Hockey Simulation - Hockey Manager